 Dungeon Crawl Stone Soup version 0.22-a0-877-g5c4e1afb51 (webtiles) character file.

28253 Htamos the Unseen (level 13, -1/141 HPs)
             Began as a Naga Enchanter on July 29, 2018.
             Was an Elder of Dithmenos.
             Slain by an elephant (10 damage)
             ... on level 4 of the Lair of Beasts.
             The game lasted 01:08:30 (19977 turns).

Htamos the Unseen (Naga Enchanter)                 Turns: 19977, Time: 01:08:30

Health: -1/141     AC:  9    Str: 18    XL:     13   Next: 37%
Magic:  16/16      EV:  7    Int: 16    God:    Dithmenos [****..]
Gold:   806        SH: 18    Dex: 14    Spells: 13/16 levels left

rFire    + . .     SeeInvis +   C - +7 rapier "Naotev" {venom, rN+}
rCold    + . .     Gourm    .   f - +2 large shield
rNeg     + + +     Faith    .   E - +0 troll leather armour
rPois    +         Spirit   .   (no helmet)
rElec    +         Reflect  .   i - scarf {rC+ rF+}
rCorr    .         Harm     .   g - +0 pair of gloves
MR       +....                  (no barding)
Stlth    ..........             (no amulet)
HPRegen  0.73/turn              O - ring of positive energy
MPRegen  0.15/turn              H - ring of Atzomih {*Drain rElec rN+ Slay+2 SInv}

@: berserking, wreathed by umbra, quick
A: large, see invisible, deformed body, poison resistance, slowness 2, slow
metabolism 1, spit poison 1, constrict 1, AC +4
a: Spit Poison, Shadow Step, Renounce Religion


You were on level 4 of the Lair of Beasts.
You worshipped Dithmenos.
Dithmenos was greatly pleased with you.
You were hungry.

You visited 3 branches of the dungeon, and saw 17 of its levels.
You also visited: Sewer.

You collected 806 gold pieces.

Inventory:

Hand Weapons
 b - a +1 dagger of venom
 k - the +7 flail of Baptafi {crush, *Corrode MR+ Stlth+}
   (You found it on level 6 of the Dungeon)

   It inflicts extra damage upon your enemies.
   It affects your resistance to hostile enchantments.
   It may corrode you when you take damage.
   It makes you more stealthy.
 C - the +7 rapier "Naotev" (weapon) {venom, rN+}
   (You found it on level 9 of the Dungeon)

   It poisons the flesh of those it strikes.
   It protects you from negative energy.
 D - the +8 mithril axe "Arga" {speed, MR+}
   (You found it on level 4 of the Dungeon)

   Attacks with this weapon are significantly faster.
   It affects your resistance to hostile enchantments.
 Q - a +3 blowgun
Missiles
 p - 533 stones (quivered)
 q - 26 poisoned needles
 K - 4 throwing nets
 R - 9 curare-tipped needles
 S - 8 needles of sleeping
 Z - 5 javelins
Armour
 f - a +2 large shield (worn)
 g - a +0 pair of gloves (worn)
 i - a scarf of resistance (worn)
 s - a +2 robe of cold resistance
 t - a +0 ring mail
 w - a +0 chain mail
 x - a scarf of spirit shield
 E - a +0 troll leather armour (worn)
Magical Staves
 P - an uncursed staff of cold
Jewellery
 e - an uncursed ring of wizardry
 z - an uncursed ring of stealth
 H - the ring of Atzomih (right hand) {*Drain rElec rN+ Slay+2 SInv}
   (You found it on level 5 of the Dungeon)

   [ring of positive energy]

   It affects your accuracy and damage with ranged weapons and melee attacks
   (+2).
   It insulates you from electricity.
   It protects you from negative energy.
   It lets you see invisible.
   It causes draining when unequipped.
 J - a +3 ring of evasion
 N - an uncursed ring of flight
 O - a ring of positive energy (left hand)
 X - an uncursed ring of stealth
 Y - an uncursed ring of protection from cold
Wands
 a - a wand of flame (12)
 y - a wand of acid (2)
 A - a wand of polymorph (37)
 M - a wand of iceblast (28)
Scrolls
 j - a scroll of teleportation
 r - 4 scrolls of remove curse
 G - 3 scrolls of magic mapping
 T - a scroll of fog
 W - 2 scrolls of brand weapon
Potions
 c - a potion of cancellation
 h - a potion of invisibility {unknown}
 l - a potion of mutation
 m - a potion of lignification
 o - 4 potions of haste
 v - a potion of resistance {unknown}
 B - a potion of might
 F - a potion of flight
 I - a potion of magic {unknown}
 L - a potion of brilliance {unknown}
 U - a potion of agility {unknown}
 V - 2 potions of curing
Comestibles
 d - 24 rations


   Skills:
 + Level 10.3 Short Blades
 - Level 4.1 Throwing
 + Level 8.2 Armour
 - Level 1.5 Dodging
 + Level 15.5 Stealth
 + Level 8.6 Shields
 - Level 2.0 Spellcasting
 - Level 9.3 Hexes


You had 13 spell levels left.
You knew the following spells:

 Your Spells              Type           Power        Failure   Level  Hunger
a - Corona                Hex            ####...      2%          1    #......
b - Ensorcelled Hibernat  Hex/Ice        ###...       22%         2    ###....

Your spell library contained the following spells:

 Spells                   Type           Power        Failure   Level  Hunger
 Apportation              Tloc           #.....       67%         1    #......
 Confuse                  Hex            ####....     6%          3    ###....
 Invisibility             Hex            ####....     97%         6    #######
 Tukima's Dance           Hex            ####....     6%          3    ###....
 Summon Butterflies       Summ           #.......     67%         1    #......
 Alistair's Intoxication  Tmut/Pois      #.......     100%        5    ######.
 Dazzling Spray           Conj/Hex       ###...       41%         3    ###....
 Lesser Beckoning         Tloc           #.........   96%         3    ###....


Dungeon Overview and Level Annotations

Branches:
Dungeon (11/15)            Temple (1/1) D:5            Lair (5/6) D:10
 Shoals (0/4) Lair:4        Snake (0/4) Lair:4          Orc (0/2) D:11
  Slime: Lair:5-6

Altars:
Ashenzari
Cheibriados
Dithmenos
Elyvilon
Fedhas
Gozag
Hepliaklqana
Kikubaaqudgha
Makhleb
Nemelex Xobeh
Okawaru
Qazlal
Ru
Sif Muna
Trog
Uskayaw
Vehumet
Wu Jian
Xom
Yredelemnul
Zin
The Shining One

Shops:
D:9 }

Annotations:
D:1 exclusion: downstairs
D:3 1 runed door
D:4 exclusion: two-headed ogre


Innate Abilities, Weirdness & Mutations

You cannot wear boots.
Your serpentine skin is tough. (AC +4)
You have supernaturally acute eyesight. (SInv)
Armour fits poorly on your strangely shaped body.
Your system is resistant to poisons. (rPois)
You cover ground very slowly.
You have a slow metabolism.
You can spit poison.
You can use your snake-like lower body to constrict enemies.


Message History

* * * LOW HITPOINT WARNING * * *
You hold your ground!
The elephant trunk-slaps you but does no damage.
A red film seems to cover your vision as you go berserk!
You feel yourself moving faster!
You feel mighty! You block the wolf's attack.
The elephant tramples you but does no damage.
The elephant trunk-slaps you.
* * * LOW HITPOINT WARNING * * *
The elephant closely misses you. You block the elephant's attack.
The wolf bites you but does no damage.
You hit the elephant.
The elephant looks as sick as possible!
The elephant is severely wounded.
You block the elephant's attack.
The elephant trunk-slaps you but does no damage.
The wolf barely misses you.
Unknown command.
You puncture the elephant!
The elephant looks as sick as possible!
The elephant is almost dead.
The elephant tramples you!
You die...

##.#.##########P.#######.#.......
.........................#.......
.........................###...##
.................................
.................................
.#####.####....###.###..###....#.
## ### ##P### ### #.## #####..
.### ############## ##.#######).
##P###...#.....#@.####P...##.#...
.............>.YYh...............
.................................
.........>.......................
.................................
...(#######.#.#.#.P.#.###.#.#####
##### ##.##.###.### ##### ######
###


You could see 2 elephants and a wolf.

Vanquished Creatures
  Kirke (Lair:4)
  Fannar (D:11)
  Harold (D:6)
  2 hydras
  Erolcha (D:11)
  A catoblepas (Lair:4)
  3 two-headed ogres
  An ogre mage (D:10)
  Urug (D:11)
  2 unseen horrors
  An ugly thing (D:11)
  A black mamba (Lair:2)
  3 spiny frogs
  3 komodo dragons
  2 rime drakes
  A tengu conjurer (D:10)
  A troll (D:11)
  3 hippogriffs
  28 yaks
  Eustachio (D:5)
  3 hogs (D:8)
  A human (D:8)
  A steam dragon (Lair:3)
  A basilisk (Lair:1)
  2 wyverns
  Grum (D:11)
  Menkaure (D:5)
  A soldier ant (D:11)
  2 nagas (Lair:4)
  5 water moccasins
  10 porcupines
  4 sky beasts
  6 orc warriors
  An eye of draining (D:10)
  8 ogres
  5 black bears (D:10)
  A phantom (D:4)
  2 necrophages
  4 centaurs
  3 wolves
  8 crocodiles
  3 big kobolds
  21 bullfrogs
  A gnoll sergeant (D:8)
  2 scorpions
  5 wights (D:10)
  2 electric eels (Lair:3)
  A howler monkey (D:9)
  5 crimson imps
  A bullfrog zombie (D:11)
  A centaur zombie (D:10)
  A quasit (D:10)
  2 jellies (D:10)
  4 bullfrog skeletons
  11 orc priests
  2 centaur skeletons
  5 hounds
  Jessica (D:2)
  2 iguanas (D:4)
  5 orc wizards
  9 worker ants
  A hound skeleton (D:4)
  A hound zombie (D:11)
  A worker ant zombie (D:10)
  12 gnolls
  12 adders
  A river rat (D:3)
  2 shadow imps
  A worker ant simulacrum (D:10)
  An ooze (D:1)
  3 worms
  An adder skeleton (D:4)
  2 dart slugs (D:1)
  6 leopard geckos
  39 orcs
  6 giant cockroaches
  9 goblins
  10 hobgoblins
  11 jackals
  3 quokkas
  12 bats
  4 frilled lizards (D:1)
  17 kobolds
  A leopard gecko skeleton (D:4)
  A quokka skeleton (D:6)
  A quokka zombie (D:6)
  9 rats
379 creatures vanquished.

Vanquished Creatures (others)
  A porcupine (Lair:4)
  12 fungi
  A plant (Lair:2)
14 creatures vanquished.

Grand Total: 393 creatures vanquished

Notes
Turn   | Place    | Note
-------+----------+-------------------------------------------
     0 | D:1      | Htamos the Naga Enchanter began the quest for the Orb.
     0 | D:1      | Reached XP level 1. HP: 15/15 MP: 3/3
   398 | D:1      | Reached XP level 2. HP: 22/22 MP: 5/5
   964 | D:1      | Learned a level 2 spell: Ensorcelled Hibernation
   991 | D:1      | Reached XP level 3. HP: 28/28 MP: 6/6
   999 | D:1      | Reached skill level 5 in Stealth
  1677 | D:1      | Reached skill level 1 in Shields
  1842 | D:1      | HP: 2/42 [gnoll/spear (6)]
  2187 | D:2      | Reached XP level 4. HP: 29/36 MP: 7/7
  2472 | D:2      | Noticed Jessica
  2477 | D:2      | Killed Jessica
  2608 | D:2      | Reached XP level 5. HP: 42/42 MP: 8/8
  3028 | D:3      | Found a shattered altar of Ashenzari.
  3287 | D:3      | Reached skill level 6 in Stealth
  3317 | D:3      | Found a glowing drain.
  3323 | Sewer    | Entered a sewer
  3394 | Sewer    | Noticed a crocodile
  3402 | Sewer    | Killed a crocodile
  3402 | Sewer    | Reached skill level 1 in Throwing
  3402 | Sewer    | Reached XP level 6. HP: 49/49 MP: 9/9
  3573 | D:3      | Found a runed door.
  5002 | D:4      | Found the +8 mithril axe "Arga" {speed, MR+}
  5128 | D:4      | Found an ornate altar of the Wu Jian Council.
  5254 | D:4      | Noticed a phantom
  5272 | D:4      | Killed a phantom
  5272 | D:4      | Reached XP level 7. HP: 39/55 MP: 7/10
  5287 | D:4      | Reached skill level 1 in Armour
  5287 | D:4      | Reached skill level 7 in Stealth
  5373 | D:4      | Noticed a two-headed ogre
  5511 | D:4      | Found a burning altar of Makhleb.
  5827 | D:5      | Entered Level 5 of the Dungeon
  5862 | D:5      | Found a blossoming altar of Fedhas.
  5964 | D:5      | Noticed Menkaure
  5973 | D:5      | Killed Menkaure
  6101 | D:5      | Noticed Eustachio
  6116 | D:5      | Killed Eustachio
  6116 | D:5      | Reached skill level 5 in Hexes
  6116 | D:5      | Reached XP level 8. HP: 62/62 MP: 11/11
  6160 | D:5      | Found a staircase to the Ecumenical Temple.
  6189 | Temple   | Entered the Ecumenical Temple
  6392 | D:5      | Got a shimmering bronze ring
  6420 | D:5      | Identified the ring of Atzomih {*Drain rElec rN+ Slay+2 SInv} (You found it on level 5 of the Dungeon)
  6569 | D:6      | Reached skill level 8 in Stealth
  6859 | D:6      | Got a pitted flail
  7058 | D:6      | Found a shadowy altar of Dithmenos.
  7058 | D:6      | Found a radiant altar of Vehumet.
  7110 | D:6      | Became a worshipper of Dithmenos the Shadowed
  7615 | D:6      | Found a hazy altar of Hepliaklqana.
  7845 | D:7      | Noticed a hippogriff
  7904 | D:7      | Noticed Harold
  8152 | D:6      | Killed Harold
  8152 | D:6      | Reached skill level 5 in Short Blades
  8152 | D:6      | Reached skill level 9 in Stealth
  8152 | D:6      | Reached XP level 9. HP: 47/68 MP: 12/12
  8451 | D:7      | Found a blossoming altar of Fedhas.
  8648 | D:7      | Found a stormy altar of Qazlal.
  8715 | D:8      | Found an opulent altar of Gozag.
  8751 | D:8      | Reached skill level 10 in Stealth
  8752 | D:8      | HP: 2/68 [yak (8)]
  9354 | D:8      | Noticed a two-headed ogre
  9713 | D:8      | Reached XP level 10. HP: 75/75 MP: 13/13
  9714 | D:8      | Found an ancient bone altar of Kikubaaqudgha.
  9981 | D:8      | Killed a two-headed ogre
 10314 | D:8      | Reached skill level 5 in Shields
 10373 | D:8      | Reached * piety under Dithmenos
 10407 | D:8      | Reached skill level 11 in Stealth
 11186 | D:9      | Found a sparkling altar of Nemelex Xobeh.
 11341 | D:9      | Found Qyakorch's Gadget Emporium.
 11359 | D:9      | Noticed a moth of wrath
 11362 | D:9      | Found a bloodstained altar of Trog.
 11534 | D:9      | Got an ichor-stained rapier
 11535 | D:9      | Identified the +7 rapier "Naotev" {venom, rN+} (You found it on level 9 of the Dungeon)
 11587 | D:9      | Noticed a two-headed ogre
 11589 | D:9      | Killed a two-headed ogre
 11589 | D:9      | Reached skill level 5 in Armour
 11599 | D:9      | Noticed a two-headed ogre
 11605 | D:9      | Killed a two-headed ogre
 11605 | D:9      | Reached XP level 11. HP: 81/81 MP: 14/14
 11763 | D:10     | Entered Level 10 of the Dungeon
 11926 | D:10     | Reached ** piety under Dithmenos
 11982 | D:10     | Reached skill level 12 in Stealth
 12195 | D:10     | Found a staircase to the Lair.
 12975 | D:10     | Noticed an unseen horror
 12979 | D:10     | Killed an unseen horror
 13268 | D:10     | Reached *** piety under Dithmenos
 13666 | D:10     | Noticed an ogre mage
 13669 | D:10     | Killed an ogre mage
 13915 | D:11     | Noticed an unseen horror
 14492 | D:10     | Found a staircase to the Lair.
 14800 | D:11     | Found a staircase to the Orcish Mines.
 14859 | D:11     | Noticed Urug
 14871 | D:11     | Killed Urug
 14871 | D:11     | Reached skill level 13 in Stealth
 15139 | D:11     | Killed an unseen horror
 15199 | D:11     | Noticed Grum
 15202 | D:11     | Noticed Fannar
 15212 | D:11     | Killed Grum
 15252 | D:11     | Killed Fannar
 15252 | D:11     | Reached XP level 12. HP: 41/88 MP: 15/15
 15554 | D:11     | Noticed Erolcha
 15559 | D:11     | Killed Erolcha
 15610 | D:11     | Reached **** piety under Dithmenos
 15918 | Lair:1   | Entered Level 1 of the Lair of Beasts
 15918 | Lair:1   | Noticed a five-headed hydra
 15924 | Lair:1   | Killed a five-headed hydra
 16633 | Lair:2   | Reached skill level 14 in Stealth
 18151 | Lair:3   | Gained mutation: You can use your snake-like lower body to constrict enemies. [Naga growth]
 18151 | Lair:3   | Reached XP level 13. HP: 94/94 MP: 16/16
 18887 | Lair:4   | Found a staircase to the Shoals.
 18902 | Lair:4   | Reached skill level 15 in Stealth
 19039 | Lair:4   | Identified the +7 flail of Baptafi {crush, *Corrode MR+ Stlth+} (You found it on level 6 of the Dungeon)
 19074 | Lair:4   | Reached skill level 10 in Short Blades
 19192 | Lair:4   | Reached ***** piety under Dithmenos
 19210 | Lair:4   | Found a staircase to the Snake Pit.
 19406 | Lair:4   | Noticed Kirke
 19420 | Lair:4   | Noticed a sphinx
 19423 | Lair:4   | Killed Kirke
 19564 | Lair:4   | Found the +0 mask of the Dragon {MR+ Slay+3 SInv}
 19977 | Lair:4   | Slain by an elephant

Vault maps used:
D:1:      lemuel_arrival_hallway
D:2:      uniq_jessica
D:3:      cheibrodos_ashenzari_chains, gup_sewer_entry_bubbles, first_ration,
          uniq_crazy_yiuf_cottage
D:4:      lemuel_crystal_altar, bloody_makhleb
D:5:      minmay_temple_entry_poolview, minmay_door_square, fedhas_altar_2,
          uniq_eustachio, uniq_menkaure
D:6:      overflow_temple_1_default, gammafunk_temple_overflow_wave,
          minmay_misc_feat_doors
D:7:      grunt_temple_overflow_forces_of_nature, uniq_harold
D:8:      nicolae_gozag_seed_capital, kiku_gazebo_pond_becter, grunt_livestock
D:9:      nemelex_xobeh_ov_fountains_minmay, serial_shops, kennysheep_mini,
          tgw_trog
D:10:     kennysheep_windowed_halls, due_lair_maze_entry_diamond
D:11:     orc_0_dummy, st_stairs_14, uniq_fannar, uniq_urug, uniq_erolcha,
          uniq_grum
Temple:   jpeg_temple_clearing
Lair:1:   lemuel_fruit_tree
Lair:2:   beast_lair_carwin_9, grunt_megastairs_4
Lair:3:   serial_bayou_shore_a
Lair:4:   minmay_shoals_entry_centaurs, minmay_snake_entry_guardpost_small,
          uniq_kirke
Lair:5:   beast_lair_carwin_6, uniq_snorg
Sewer:    sewer_big_baddie

Skill      XL: |  1  2  3  4  5  6  7  8  9 10 11 12 13 |
---------------+----------------------------------------+-----
Stealth        | 5 6 7 9 10 11 13 14 15 | 15.5
Shields        | 1 2 4 5 6 8 |  8.6
Short Blades   | 2 3 5 7 8 9 10 | 10.3
Hexes          | 4 5 6 7 9 |  9.3
Throwing       | 1 2 4 |  4.1
Armour         | 1 3 4 5 6 7 8 |  8.2
Dodging        | |  1.5
Spellcasting   | |  2.0

Action                   |  1- 3 |  4- 6 |  7- 9 | 10-12 | 13-15 || total
-------------------------+-------+-------+-------+-------+-------++-------
Melee: Dagger            |   107 |    37 |     1 |       |       ||   145
       Short sword       |       |   109 |   206 |   156 |       ||   471
       Broad axe         |       |     6 |    47 |       |       ||    53
       Whip              |       |     2 |       |       |       ||     2
       Rapier            |       |       |       |   572 |   118 ||   690
       Constrict         |       |       |       |       |    20 ||    20
       Unarmed           |       |       |       |       |     1 ||     1
Throw: Stone             |       |     1 |     5 |       |       ||     6
 Abil: Spit Poison       |    21 |    19 |    14 |     4 |     3 ||    61
Evoke: Wand              |       |       |     6 |    29 |     5 ||    40
  Use: Scroll            |     5 |     7 |     7 |    10 |     4 ||    33
       Potion            |     3 |     2 |     6 |     4 |     3 ||    18
 Stab: Sleeping          |     7 |    11 |     4 |    38 |     6 ||    66
       Distracted        |       |       |       |     3 |       ||     3
  Eat: Chunk             |     4 |     6 |    13 |    16 |     4 ||    43
       Ration            |       |     1 |       |     2 |       ||     3
Armor: Robe              |    30 |       |       |       |       ||    30
       Ring mail         |     2 |    49 |    45 |    91 |       ||   187
       Troll leather arm |       |       |       |    34 |    40 ||    74
Dodge: Dodged            |    17 |    10 |    35 |   154 |    34 ||   250
Block: Large shield      |    43 |    83 |   131 |   470 |   120 ||   847

Table legend:
 A = Spawn XP
 B = Non-spawn XP
 C = Spawn XP percentage of total XP
 D = Spawn monster count
 E = Non-spawn monster count
 F = Spawn count percentage of total count
 G = Total turns spent on level
                    A         B        C        D         E        F      G
               +---------+---------+-------+---------+---------+-------+---------
         Total |       0 |   40362 |   0.0 |       0 |     379 |   0.0 | 19977
               +---------+---------+-------+---------+---------+-------+---------
           D:1 |       0 |     104 |   0.0 |       0 |      37 |   0.0 |  2335
           D:2 |       0 |     148 |   0.0 |       0 |      22 |   0.0 |  1843
           D:3 |       0 |      67 |   0.0 |       0 |      15 |   0.0 |   723
           D:4 |       0 |     432 |   0.0 |       0 |      20 |   0.0 |   872
           D:5 |       0 |     424 |   0.0 |       0 |       4 |   0.0 |   540
           D:6 |       0 |    1900 |   0.0 |       0 |      23 |   0.0 |  1718
           D:7 |       0 |     406 |   0.0 |       0 |      14 |   0.0 |   982
           D:8 |       0 |    3425 |   0.0 |       0 |      26 |   0.0 |  1603
           D:9 |       0 |    2856 |   0.0 |       0 |      30 |   0.0 |  1307
          D:10 |       0 |    6177 |   0.0 |       0 |      69 |   0.0 |  2662
          D:11 |       0 |    5783 |   0.0 |       0 |      33 |   0.0 |  1087
        Lair:1 |       0 |    2761 |   0.0 |       0 |       9 |   0.0 |   699
        Lair:2 |       0 |    6700 |   0.0 |       0 |      37 |   0.0 |  1389
        Lair:3 |       0 |    2017 |   0.0 |       0 |      13 |   0.0 |   881
        Lair:4 |       0 |    5576 |   0.0 |       0 |      18 |   0.0 |  1070
        Lair:5 |       0 |    1468 |   0.0 |       0 |       3 |   0.0 |    20
         Sewer |       0 |     118 |   0.0 |       0 |       6 |   0.0 |   123
               +---------+---------+-------+---------+---------+-------+---------
